Flames vs Stars

Created - April 14, 2020 at 19:08

Goals
1 2 3 OT1 SO T
Flames 1 0 1 0 0 2
Stars 1 0 1 0 1 3
Shots
1 2 3 OT1 SO T
Flames 18 11 5 1 3 35
Stars 12 8 12 3 2 35

1st period

1. Flames , Brad Marchand 28 (Patrik Berglund 31, Derek Meech 20) at 3:45 (PP)
2. Stars , Jussi Jokinen 30 (Alex Chiasson 17, Antoine Vermette 17) at 18:04

Penalties :
Boris Valabik (Dal) for Hooking (Minor) at 3:07, David Backes (Cal) for Hooking (Minor) at 4:33

2nd period

No Goal

Penalties :
Steve Eminger (Cal) for Goalie Interference (Minor) at 3:18, Antoine Vermette (Dal) for Hooking (Minor) at 10:02, Boris Valabik (Dal) for Holding (Minor) at 13:36, Erik Johnson (Cal) for Roughing (Minor) at 17:02

3rd period

3. Stars , Jussi Jokinen 31 (Alex Chiasson 18, Johnny Oduya 12) at 4:34
4. Flames , David Backes 39 (Mikhail Grabovski 6, Derek Meech 21) at 12:04 (SH)

Penalties :
Alexander Semin (Cal) for Tripping (Minor) at 4:43, Alexander Radulov (Cal) for Hooking (Minor) at 11:46, Ian White (Dal) for Hooking (Minor) at 17:35

Overtime #1

No Goal

Penalties :
No Penalty

Shootout

Flames, Eric Staal - Stopped by Cory Schneider
Stars, John Tavares - Goal!
Flames, Alexander Semin - Stopped by Cory Schneider
Stars, Guillaume Latendresse - Stopped by Jonas Gustavsson
Flames, David Backes - Stopped by Cory Schneider

Penalties :
No Penalty

Goalie Stats

Jonas Gustavsson (Cal), 33 saves from 35 shots - (0.943), OTL, 24-17-6, 65:00 minutes
Cory Schneider (Dal), 33 saves from 35 shots - (0.943), W, 36-17-4, 65:00 minutes

Players Stats for Flames

Player Name              G  A  P  +/- PIM S  H  SB GA TA FO     MP     PP MP  PK MP  
------------------------------------------------------------------------------------
Alexander Radulov        0  0  0  -1  2   3  4  0  0  0  1/1    19:05   3:23   0:00 
Alexander Semin          0  0  0  -1  2   6  2  1  0  1  1/1    20:35   3:20   0:57 
Brad Marchand            1  0  1  -1  0   3  2  0  0  0  0/2    21:43   2:59   4:49 
Brendan Mikkelson        0  0  0  -1  0   2  1  0  0  0  0/0    15:38   0:00   4:09 
Colin Wilson             0  0  0   0  0   1  1  0  1  1  7/10   14:37   0:13   4:50 
David Backes             1  0  1   0  2   6  2  0  0  0  0/0    19:19   2:59   3:57 
David Ullstrom           0  0  0   0  0   0  2  0  0  0  2/3    10:25   0:28   0:00 
Derek Meech              0  2  2   0  0   0  0  2  0  0  0/0    23:57   3:28   5:49 
Eric Staal               0  0  0  -1  0   6  1  0  0  0  17/28  21:08   3:23   0:10 
Erik Johnson             0  0  0   0  2   2  0  0  0  1  0/0    28:16   3:07   3:23 
Kyle Palmieri            0  0  0   0  0   0  0  0  0  0  0/0     6:38   0:01   0:00 
Mikhail Grabovski        0  1  1   1  0   0  1  2  1  0  0/4    12:49   0:00   4:55 
Patrik Berglund          0  1  1  -1  0   0  1  0  0  0  6/16   14:46   2:59   0:00 
Peter Prucha             0  0  0   0  0   1  1  0  0  0  0/0     8:48   0:00   0:00 
Sami Vatanen             0  0  0   0  0   0  1  4  0  0  0/0    23:11   3:07   0:00 
Steve Eminger            0  0  0   0  2   2  0  0  1  2  0/0    20:21   0:00   4:59 
Steve Regier             0  0  0   0  0   2  1  0  0  0  0/0    10:01   0:00   0:12 
Tim Ramholt              0  0  0  -1  0   1  1  0  0  1  0/0    18:43   3:28   1:30 

Players Stats for Stars

Player Name              G  A  P  +/- PIM S  H  SB GA TA FO     MP     PP MP  PK MP  
------------------------------------------------------------------------------------
Alex Chiasson            0  2  2   2  0   2  1  0  0  0  0/0    15:17   4:06   0:00 
Alexander Frolov         0  0  0   0  0   1  1  0  0  0  1/2    13:42   0:10   1:32 
Andrej Sustr             0  0  0   1  0   2  1  1  0  0  0/0    13:59   0:00   1:28 
Antoine Vermette         0  1  1   2  2   2  0  0  0  0  11/13  18:15   4:06   1:27 
B.J. Crombeen            0  0  0   0  0   0  3  1  0  0  0/0    10:34   0:00   0:00 
Boris Valabik            0  0  0   0  4   3  1  0  0  0  0/0    20:34   4:01   1:45 
Brian Lee                0  0  0   0  0   0  0  1  1  0  0/0    31:01   5:54   3:55 
Cam Atkinson             0  0  0   0  0   3  1  0  0  0  0/0     7:19   0:00   0:00 
Cory Emmerton            0  0  0   0  0   2  1  0  0  0  0/1    12:33   0:00   1:18 
Evgeny Grachev           0  0  0   0  0   0  0  0  0  0  2/3     7:32   0:00   0:02 
Guillaume Latendresse    0  0  0  -1  0   1  5  0  1  0  1/2    25:15   5:39   3:35 
Ian White                0  0  0   0  2   2  1  3  1  1  0/0    29:52   5:54   2:54 
John Tavares             0  0  0  -1  0   4  3  1  0  0  13/39  25:29   5:49   3:37 
Johnny Oduya             0  1  1   1  0   1  0  0  0  0  0/0    13:04   0:00   0:29 
Jussi Jokinen            2  0  2   2  0   6  4  0  3  0  1/1    18:28   4:06   1:39 
Lasse Kukkonen           0  0  0   0  0   0  0  1  0  0  0/0    21:34   4:01   2:39 
Michael Grabner          0  0  0  -1  0   3  2  0  0  0  2/4    19:47   5:39   0:00 
Ted Purcell              0  0  0   0  0   3  0  0  0  2  0/0     9:06   0:10   0:00 

3 Stars

1 - Jussi Jokinen (Dal)
2 - Alex Chiasson (Dal)
3 - Cory Schneider (Dal)

Power Play

Flames - 1 on 4 Attempt(s) - 25.00%
Stars - 0 on 5 Attempt(s) - 0.00%

Penalty Kill

Flames - 5 on 5 Attempt(s) - 100.00% - Score 1 goal in Penalty Kill
Stars - 3 on 4 Attempt(s) - 75.00% - Score 0 goal in Penalty Kill

Team Stat

Flames - Hits : 21 - Faceoff Wins : 34 - Blocked Shots : 9 - Penalty Minutes : 10
Stars - Hits : 24 - Faceoff Wins : 31 - Blocked Shots : 8 - Penalty Minutes : 8

Official

Referees : Unknown
Linesman : Unknown

Game Notes

No Game Note

Finance

Level 1 -- Attendance: 6000 (100.00%) -- Ticket Income $630,000
Level 2 -- Attendance: 5000 (100.00%) -- Ticket Income $330,000
Level 3 -- Attendance: 1963 (98.15%) -- Ticket Income $74,594
Level 4 -- Attendance: 3449 (86.23%) -- Ticket Income $103,470
Luxury Box -- Attendance: 974 (97.40%) -- Ticket Income $180,190
Game was played at the American Airlines Center.
Total Attendance: 17386 (96.59%)
Total Ticket Income: $1,318,254
Other Income: $197,738
Total Income: $1,515,992

Flames

5 vs 5 Forward 
   Center                   Left Wing                Right Wing               Time % Phy DF OF 
 1 Eric Staal               Alexander Semin          Alexander Radulov        40     1   2  2  
 2 Patrik Berglund          Brad Marchand            David Backes             33     2   2  1  
 3 Colin Wilson             Steve Regier             Peter Prucha             19     2   2  1  
 4 Mikhail Grabovski        David Ullstrom           Kyle Palmieri            8      2   2  1  

5 vs 5 Defense 
   Defense                  Defense                                           Time % Phy DF OF 
 1 Erik Johnson             Sami Vatanen                                      38     1   2  2  
 2 Derek Meech              Steve Eminger                                     29     2   2  1  
 3 Brendan Mikkelson        Tim Ramholt                                       23     2   2  1  
 4 Erik Johnson             Steve Eminger                                     10     2   2  1  

PowerPlay Forward 
   Center                   Left Wing                Right Wing               Time % Phy DF OF 
 1 Eric Staal               Alexander Semin          Alexander Radulov        60     1   0  4  
 2 Patrik Berglund          Brad Marchand            David Backes             40     1   0  4  

PowerPlay Defense
   Defense                  Defense                                           Time % Phy DF OF 
 1 Erik Johnson             Sami Vatanen                                      60     1   1  3  
 2 Derek Meech              Tim Ramholt                                       40     1   1  3  

Penalty Kill 4 Players Forward 
   Center                   Wing                     Time % Phy DF OF 
 1 Colin Wilson             Brad Marchand            50     1   4  0  
 2 Mikhail Grabovski        David Backes             50     1   4  0  

Penalty Kill 4 Players Defense
   Defense                  Defense                  Time % Phy DF OF 
 1 Derek Meech              Steve Eminger            58     1   4  0  
 2 Erik Johnson             Brendan Mikkelson        42     1   4  0  

Penalty Kill - 3 Players Forward 
   Forward                                           Time % Phy DF OF 
 1 Eric Staal                                        50     1   4  0  
 2 Brad Marchand                                     50     1   4  0  

Penalty Kill - 3 Players Defense
   Defense                  Defense                  Time % Phy DF OF 
 1 Derek Meech              Steve Eminger            58     1   4  0  
 2 Erik Johnson             Brendan Mikkelson        42     1   4  0  

4 vs 4 Forward 
   Center                   Wing                     Time % Phy DF OF 
 1 Eric Staal               Alexander Semin          60     2   2  1  
 2 Colin Wilson             Brad Marchand            40     2   2  1  

4 vs 4 Defense
   Defense                  Defense                  Time % Phy DF OF 
 1 Erik Johnson             Sami Vatanen             60     2   2  1  
 2 Derek Meech              Tim Ramholt              40     2   2  1  

Last Minutes Offensive
   Center                   Left Wing                Right Wing               Defense                  Defense                  
   Eric Staal               Alexander Semin          Alexander Radulov        Erik Johnson             Sami Vatanen             

Last Minutes Defensive
   Center                   Left Wing                Right Wing               Defense                  Defense                  
   Eric Staal               Alexander Semin          David Backes             Erik Johnson             Sami Vatanen             

Goaltenders
Starting : Jonas Gustavsson         
Backup : Pekka Rinne              

Extra Forwards
Normal : Brad Marchand, Alexander Semin, David Ullstrom - PP : David Ullstrom, Colin Wilson - PK : Brad Marchand
Extra Defensemen
Normal : Sami Vatanen, Steve Eminger, Tim Ramholt - PP : Sami Vatanen - PK : Erik Johnson, Tim Ramholt
Penalty Shots
Eric Staal, Alexander Semin, David Backes, Brad Marchand, Patrik Berglund

Scratches
None

Stars

5 vs 5 Forward 
   Center                   Left Wing                Right Wing               Time % Phy DF OF 
 1 John Tavares             Guillaume Latendresse    Michael Grabner          40     1   2  2  
 2 Antoine Vermette         Jussi Jokinen            Alex Chiasson            30     1   2  2  
 3 Cory Emmerton            Alexander Frolov         B.J. Crombeen            20     1   2  2  
 4 Evgeny Grachev           Ted Purcell              Cam Atkinson             10     1   2  2  

5 vs 5 Defense 
   Defense                  Defense                                           Time % Phy DF OF 
 1 Ian White                Brian Lee                                         40     1   2  2  
 2 Boris Valabik            Lasse Kukkonen                                    30     1   2  2  
 3 Johnny Oduya             Andrej Sustr                                      20     1   2  2  
 4 Ian White                Brian Lee                                         10     1   2  2  

PowerPlay Forward 
   Center                   Left Wing                Right Wing               Time % Phy DF OF 
 1 John Tavares             Guillaume Latendresse    Michael Grabner          60     0   2  3  
 2 Antoine Vermette         Jussi Jokinen            Alex Chiasson            40     0   2  3  

PowerPlay Defense
   Defense                  Defense                                           Time % Phy DF OF 
 1 Ian White                Brian Lee                                         60     0   2  3  
 2 Boris Valabik            Lasse Kukkonen                                    40     0   2  3  

Penalty Kill 4 Players Forward 
   Center                   Wing                     Time % Phy DF OF 
 1 John Tavares             Guillaume Latendresse    60     0   3  2  
 2 Jussi Jokinen            Antoine Vermette         40     0   3  2  

Penalty Kill 4 Players Defense
   Defense                  Defense                  Time % Phy DF OF 
 1 Ian White                Brian Lee                60     0   3  2  
 2 Boris Valabik            Lasse Kukkonen           40     0   3  2  

Penalty Kill - 3 Players Forward 
   Forward                                           Time % Phy DF OF 
 1 John Tavares                                      60     0   3  2  
 2 Guillaume Latendresse                             40     0   3  2  

Penalty Kill - 3 Players Defense
   Defense                  Defense                  Time % Phy DF OF 
 1 Ian White                Brian Lee                60     0   3  2  
 2 Boris Valabik            Lasse Kukkonen           40     0   3  2  

4 vs 4 Forward 
   Center                   Wing                     Time % Phy DF OF 
 1 John Tavares             Guillaume Latendresse    60     1   2  2  
 2 Jussi Jokinen            Antoine Vermette         40     1   2  2  

4 vs 4 Defense
   Defense                  Defense                  Time % Phy DF OF 
 1 Ian White                Brian Lee                60     1   2  2  
 2 Boris Valabik            Lasse Kukkonen           40     1   2  2  

Last Minutes Offensive
   Center                   Left Wing                Right Wing               Defense                  Defense                  
   John Tavares             Guillaume Latendresse    Michael Grabner          Ian White                Brian Lee                

Last Minutes Defensive
   Center                   Left Wing                Right Wing               Defense                  Defense                  
   John Tavares             Guillaume Latendresse    Michael Grabner          Ian White                Brian Lee                

Goaltenders
Starting : Cory Schneider           
Backup : Brian Elliott            

Extra Forwards
Normal : Alexander Frolov, Ted Purcell, Cory Emmerton - PP : Alexander Frolov, Ted Purcell - PK : Cory Emmerton
Extra Defensemen
Normal : Johnny Oduya, Andrej Sustr, Boris Valabik - PP : Johnny Oduya - PK : Andrej Sustr, Boris Valabik
Penalty Shots
John Tavares, Guillaume Latendresse, Jussi Jokinen, Antoine Vermette, Alexander Frolov

Scratches
Lee Stempniak (Healthy), Niklas Hjalmarsson (Back Spasms Injury), Brian Flynn (Healthy), Shawn Matthias (Healthy)

% Time on Ice - Flames

Lines # - Real PCT - Wanted PCT - Time Play
Normal Forward
1 - 37% - 40% - 16:14
2 - 28% - 33% - 11:59
3 - 20% - 19% - 8:48
4 - 15% - 8% - 6:29
Normal Defense
1 - 41% - 38% - 17:57
2 - 30% - 29% - 13:13
3 - 23% - 23% - 10:04
4 - 5% - 10% - 2:16
PP Forward
1 - 55% - 60% - 3:36
2 - 45% - 40% - 2:59
PP Defense
1 - 47% - 60% - 3:07
2 - 53% - 40% - 3:28
PK Forward
1 - 49% - 50% - 4:50
2 - 51% - 50% - 5:05
PK Defense
1 - 64% - 58% - 6:18
2 - 36% - 42% - 3:37
PK3 Forward
1 - 0% - 50%
2 - 0% - 50%
PK3 Defense
1 - 0% - 58%
2 - 0% - 42%
44 Forward
1 - 100% - 60% - 5:00
2 - 0% - 40% - 0:00
44 Defense
1 - 59% - 60% - 2:56
2 - 41% - 40% - 2:04
Last Minute Offensive  - 0:00
Last Minute Defensive  - 0:00
Total
Forward - 65:00
Defense - 65:00

% Time on Ice - Stars

Lines # - Real PCT - Wanted PCT - Time Play
Normal Forward
1 - 33% - 40% - 14:26
2 - 26% - 30% - 11:11
3 - 24% - 20% - 10:34
4 - 17% - 10% - 7:19
Normal Defense
1 - 40% - 40% - 17:34
2 - 31% - 30% - 13:19
3 - 26% - 20% - 11:26
4 - 3% - 10% - 1:11
PP Forward
1 - 59% - 60% - 5:49
2 - 41% - 40% - 4:06
PP Defense
1 - 59% - 60% - 5:54
2 - 41% - 40% - 4:01
PK Forward
1 - 75% - 60% - 4:58
2 - 25% - 40% - 1:37
PK Defense
1 - 65% - 60% - 4:17
2 - 35% - 40% - 2:18
PK3 Forward
1 - 0% - 60%
2 - 0% - 40%
PK3 Defense
1 - 0% - 60%
2 - 0% - 40%
44 Forward
1 - 73% - 60% - 3:39
2 - 27% - 40% - 1:21
44 Defense
1 - 70% - 60% - 3:29
2 - 30% - 40% - 1:31
Last Minute Offensive  - 0:00
Last Minute Defensive  - 0:00
Total
Forward - 65:00
Defense - 65:00

Play-by-Play

1st period


0:01 of 1st period - Eric Staal wins face-off versus John Tavares in neutral zone.
0:11 of 1st period - Off-side.
0:12 of 1st period - Antoine Vermette wins face-off versus Patrik Berglund in neutral zone.
0:19 of 1st period - Snap shot by Jussi Jokinen.
0:19 of 1st period - Shot Misses the Net.
0:21 of 1st period - Slapshot by Boris Valabik.
0:21 of 1st period - Stopped by Jonas Gustavsson with a rebound.
1:22 of 1st period - Wrist shot by Mikhail Grabovski.
1:22 of 1st period - Shot Blocked by Brian Lee.
1:24 of 1st period - Wrist shot by Kyle Palmieri.
1:24 of 1st period - Shot Misses the Net.
1:26 of 1st period - Snap shot by Steve Eminger.
1:26 of 1st period - Deflect By Ian White.
1:26 of 1st period - Stopped by Cory Schneider with a rebound.
1:30 of 1st period - Slapshot by Mikhail Grabovski.
1:30 of 1st period - Shot Blocked by Ian White.
1:48 of 1st period - Snap shot by Alex Chiasson.
1:48 of 1st period - Stopped by Jonas Gustavsson with a rebound.
2:13 of 1st period - Slapshot by Cory Emmerton.
2:13 of 1st period - Shot Misses the Net.
2:56 of 1st period - Slapshot by Johnny Oduya.
2:56 of 1st period - Stopped by Jonas Gustavsson with a rebound.
3:07 of 1st period - Minor Penalty to Boris Valabik for Hooking.
3:08 of 1st period - John Tavares wins face-off versus Eric Staal in Stars zone.
3:16 of 1st period - Alexander Radulov is hit by Guillaume Latendresse and loses puck.
3:35 of 1st period - Jussi Jokinen is hit by Brad Marchand.
3:45 of 1st period - Snap shot by Brad Marchand.
3:45 of 1st period - Goal by Brad Marchand - Flames : 1 - Stars : 0.
3:46 of 1st period - John Tavares wins face-off versus Eric Staal in neutral zone.
3:49 of 1st period - Erik Johnson is hit by Guillaume Latendresse and loses puck.
4:09 of 1st period - Icing by Steve Eminger.
4:10 of 1st period - Antoine Vermette wins face-off versus Patrik Berglund in Flames zone.
4:11 of 1st period - Snap shot by Jussi Jokinen.
4:11 of 1st period - Shot Misses the Net.
4:13 of 1st period - Slapshot by Jussi Jokinen.
4:13 of 1st period - Stopped by Jonas Gustavsson with a rebound.
4:15 of 1st period - Slapshot by Alex Chiasson.
4:15 of 1st period - Stopped by Jonas Gustavsson without a rebound.
4:16 of 1st period - Antoine Vermette wins face-off versus Patrik Berglund in Flames zone.
4:23 of 1st period - Brad Marchand is hit by Alex Chiasson and loses puck.
4:33 of 1st period - Minor Penalty to David Backes for Hooking.
4:34 of 1st period - Colin Wilson wins face-off versus John Tavares in Flames zone.
6:33 of 1st period - Penalty to David Backes is over, David Backes is back on ice.
6:43 of 1st period - Wrist shot by Colin Wilson.
6:43 of 1st period - Stopped by Cory Schneider with a rebound.
6:47 of 1st period - Snap shot by Steve Regier.
6:47 of 1st period - Stopped by Cory Schneider with a rebound.
7:12 of 1st period - Slapshot by Eric Staal.
7:12 of 1st period - Shot Misses the Net.
7:14 of 1st period - Slapshot by Eric Staal.
7:14 of 1st period - Deflect By Alexander Radulov.
7:14 of 1st period - Stopped by Cory Schneider with a rebound.
7:34 of 1st period - Cory Emmerton is hit by Brendan Mikkelson and loses puck.
7:39 of 1st period - Slapshot by Eric Staal.
7:39 of 1st period - Shot Misses the Net.
7:58 of 1st period - Boris Valabik is hit by David Ullstrom.
8:18 of 1st period - Snap shot by Cory Emmerton.
8:18 of 1st period - Shot Misses the Net.
8:20 of 1st period - Slapshot by Cory Emmerton.
8:20 of 1st period - Shot Misses the Net.
8:22 of 1st period - Snap shot by Alexander Frolov.
8:22 of 1st period - Stopped by Jonas Gustavsson with a rebound.
8:24 of 1st period - Snap shot by B.J. Crombeen.
8:24 of 1st period - Shot Misses the Net.
8:26 of 1st period - Slapshot by Brian Lee.
8:26 of 1st period - Deflect By Cory Emmerton.
8:26 of 1st period - Stopped by Jonas Gustavsson without a rebound.
8:27 of 1st period - Patrik Berglund wins face-off versus John Tavares in Flames zone.
8:34 of 1st period - Snap shot by David Backes.
8:34 of 1st period - Stopped by Cory Schneider with a rebound.
8:36 of 1st period - Wrist shot by David Backes.
8:36 of 1st period - Stopped by Cory Schneider with a rebound.
8:44 of 1st period - Wrist shot by David Backes.
8:44 of 1st period - Deflect By Brad Marchand.
8:44 of 1st period - Shot Blocked by Andrej Sustr.
8:44 of 1st period - Puck is out of play.
8:45 of 1st period - Antoine Vermette wins face-off versus Colin Wilson in Stars zone.
9:10 of 1st period - Michael Grabner is hit by Patrik Berglund and loses puck.
9:35 of 1st period - Slapshot by Lasse Kukkonen.
9:35 of 1st period - Shot Misses the Net.
11:57 of 1st period - Icing by Jussi Jokinen.
11:58 of 1st period - Eric Staal wins face-off versus John Tavares in Stars zone.
12:03 of 1st period - Snap shot by Alexander Radulov.
12:03 of 1st period - Deflect By John Tavares.
12:03 of 1st period - Stopped by Cory Schneider without a rebound.
12:04 of 1st period - Alexander Radulov wins face-off versus John Tavares in Stars zone.
12:09 of 1st period - Snap shot by Eric Staal.
12:09 of 1st period - Stopped by Cory Schneider with a rebound.
12:25 of 1st period - Wrist shot by John Tavares.
12:25 of 1st period - Deflect By Guillaume Latendresse.
12:25 of 1st period - Stopped by Jonas Gustavsson with a rebound.
12:33 of 1st period - Snap shot by Eric Staal.
12:33 of 1st period - Stopped by Cory Schneider with a rebound.
12:35 of 1st period - Snap shot by Alexander Semin.
12:35 of 1st period - Stopped by Cory Schneider without a rebound.
12:36 of 1st period - Antoine Vermette wins face-off versus Patrik Berglund in Stars zone.
13:02 of 1st period - Ian White is hit by Colin Wilson and loses puck.
13:11 of 1st period - Slapshot by Peter Prucha.
13:11 of 1st period - Stopped by Cory Schneider without a rebound.
13:12 of 1st period - John Tavares wins face-off versus Eric Staal in Stars zone.
13:12 of 1st period - John Tavares is hit by Alexander Radulov.
13:18 of 1st period - Wrist shot by Guillaume Latendresse.
13:18 of 1st period - Shot Misses the Net.
13:40 of 1st period - Slapshot by Boris Valabik.
13:40 of 1st period - Stopped by Jonas Gustavsson without a rebound.
13:41 of 1st period - Antoine Vermette wins face-off versus Patrik Berglund in Flames zone.
14:30 of 1st period - Snap shot by Steve Regier.
14:30 of 1st period - Stopped by Cory Schneider without a rebound.
14:31 of 1st period - Evgeny Grachev wins face-off versus Colin Wilson in Stars zone.
15:54 of 1st period - Antoine Vermette is hit by Alexander Radulov and loses puck.
16:03 of 1st period - Slapshot by Alexander Semin.
16:03 of 1st period - Stopped by Cory Schneider with a rebound.
16:05 of 1st period - Snap shot by Eric Staal.
16:05 of 1st period - Stopped by Cory Schneider with a rebound.
17:09 of 1st period - Snap shot by David Backes.
17:09 of 1st period - Stopped by Cory Schneider without a rebound.
17:10 of 1st period - Eric Staal wins face-off versus John Tavares in Stars zone.
17:23 of 1st period - Snap shot by Alexander Semin.
17:23 of 1st period - Stopped by Cory Schneider with a rebound.
17:25 of 1st period - Slapshot by Steve Eminger.
17:25 of 1st period - Shot Blocked by Lasse Kukkonen.
17:27 of 1st period - Slapshot by Steve Eminger.
17:27 of 1st period - Deflect By John Tavares.
17:27 of 1st period - Stopped by Cory Schneider without a rebound.
17:28 of 1st period - Jussi Jokinen wins face-off versus Patrik Berglund in Stars zone.
17:34 of 1st period - Off-side.
17:35 of 1st period - Antoine Vermette wins face-off versus Brad Marchand in neutral zone.
17:42 of 1st period - Snap shot by Antoine Vermette.
17:42 of 1st period - Stopped by Jonas Gustavsson with a rebound.
18:04 of 1st period - Slapshot by Jussi Jokinen.
18:04 of 1st period - Goal by Jussi Jokinen - Flames : 1 - Stars : 1.
18:05 of 1st period - Eric Staal wins face-off versus John Tavares in neutral zone.
19:15 of 1st period - Wrist shot by Cam Atkinson.
19:15 of 1st period - Stopped by Jonas Gustavsson without a rebound.
19:16 of 1st period - David Ullstrom wins face-off versus Evgeny Grachev in Flames zone.
Goals for this period are 1 for Flames vs 1 for Stars.
Shots for this period are 18 for Flames vs 12 for Stars.

2nd period


0:01 of 2nd period - Eric Staal wins face-off versus John Tavares in neutral zone.
0:04 of 2nd period - Slapshot by Erik Johnson.
0:04 of 2nd period - Stopped by Cory Schneider without a rebound.
0:05 of 2nd period - Eric Staal wins face-off versus John Tavares in Stars zone.
0:10 of 2nd period - Wrist shot by Alexander Semin.
0:10 of 2nd period - Deflect By Eric Staal.
0:10 of 2nd period - Stopped by Cory Schneider without a rebound.
0:11 of 2nd period - John Tavares wins face-off versus Eric Staal in Stars zone.
0:24 of 2nd period - Off-side.
0:25 of 2nd period - Patrik Berglund wins face-off versus John Tavares in neutral zone.
0:41 of 2nd period - Wrist shot by Guillaume Latendresse.
0:41 of 2nd period - Shot Misses the Net.
1:12 of 2nd period - Slapshot by Brad Marchand.
1:12 of 2nd period - Stopped by Cory Schneider with a rebound.
1:16 of 2nd period - Snap shot by David Backes.
1:16 of 2nd period - Stopped by Cory Schneider with a rebound.
1:26 of 2nd period - Slapshot by Alexander Frolov.
1:26 of 2nd period - Deflect By Cory Emmerton.
1:26 of 2nd period - Shot Misses the Net.
1:26 of 2nd period - Puck is out of play.
1:27 of 2nd period - John Tavares wins face-off versus Eric Staal in Flames zone.
1:30 of 2nd period - Snap shot by Guillaume Latendresse.
1:30 of 2nd period - Shot Misses the Net.
1:32 of 2nd period - Slapshot by Boris Valabik.
1:32 of 2nd period - Deflect By Guillaume Latendresse.
1:32 of 2nd period - Shot Blocked by Sami Vatanen.
1:32 of 2nd period - Puck is out of play.
1:33 of 2nd period - Michael Grabner wins face-off versus Eric Staal in Flames zone.
2:26 of 2nd period - Slapshot by Boris Valabik.
2:26 of 2nd period - Shot Blocked by Mikhail Grabovski.
2:50 of 2nd period - Snap shot by Cam Atkinson.
2:50 of 2nd period - Shot Blocked by Alexander Semin.
2:52 of 2nd period - Slapshot by Boris Valabik.
2:52 of 2nd period - Stopped by Jonas Gustavsson with a rebound.
3:18 of 2nd period - Minor Penalty to Steve Eminger for Goalie Interference.
3:19 of 2nd period - Colin Wilson wins face-off versus Michael Grabner in Flames zone.
3:19 of 2nd period - Colin Wilson is hit by Guillaume Latendresse.
3:29 of 2nd period - Mikhail Grabovski is hit by John Tavares and loses puck.
5:18 of 2nd period - Penalty to Steve Eminger is over, Steve Eminger is back on ice.
5:42 of 2nd period - Cam Atkinson is hit by Sami Vatanen and loses puck.
6:19 of 2nd period - Brian Lee is hit by David Ullstrom and loses puck.
6:36 of 2nd period - Ian White is hit by Steve Regier and loses puck.
6:47 of 2nd period - John Tavares is hit by Alexander Radulov and loses puck.
7:02 of 2nd period - Wrist shot by David Backes.
7:02 of 2nd period - Shot Misses the Net.
7:20 of 2nd period - Snap shot by Jussi Jokinen.
7:20 of 2nd period - Shot Blocked by Sami Vatanen.
7:22 of 2nd period - Slapshot by Ian White.
7:22 of 2nd period - Deflect By Antoine Vermette.
7:22 of 2nd period - Stopped by Jonas Gustavsson without a rebound.
7:23 of 2nd period - Antoine Vermette wins face-off versus Eric Staal in Flames zone.
7:30 of 2nd period - Wrist shot by Jussi Jokinen.
7:30 of 2nd period - Stopped by Jonas Gustavsson with a rebound.
7:40 of 2nd period - Johnny Oduya is hit by Alexander Semin and loses puck.
7:59 of 2nd period - Off-side.
8:00 of 2nd period - John Tavares wins face-off versus Colin Wilson in neutral zone.
8:34 of 2nd period - Wrist shot by Alexander Semin.
8:34 of 2nd period - Stopped by Cory Schneider with a rebound.
8:36 of 2nd period - Slapshot by Alexander Semin.
8:36 of 2nd period - Stopped by Cory Schneider without a rebound.
8:37 of 2nd period - John Tavares wins face-off versus Patrik Berglund in Stars zone.
8:49 of 2nd period - Off-side.
8:50 of 2nd period - Eric Staal wins face-off versus John Tavares in neutral zone.
8:53 of 2nd period - Slapshot by Alexander Semin.
8:53 of 2nd period - Stopped by Cory Schneider with a rebound.
8:55 of 2nd period - Snap shot by Steve Eminger.
8:55 of 2nd period - Shot Blocked by John Tavares.
8:57 of 2nd period - Snap shot by Alexander Radulov.
8:57 of 2nd period - Shot Blocked by Ian White.
8:59 of 2nd period - Wrist shot by Alexander Radulov.
8:59 of 2nd period - Stopped by Cory Schneider with a rebound.
9:01 of 2nd period - Slapshot by Erik Johnson.
9:01 of 2nd period - Stopped by Cory Schneider without a rebound.
9:02 of 2nd period - Eric Staal wins face-off versus John Tavares in Stars zone.
9:29 of 2nd period - Eric Staal is hit by Cory Emmerton.
10:02 of 2nd period - Minor Penalty to Antoine Vermette for Hooking.
10:03 of 2nd period - Guillaume Latendresse wins face-off versus Patrik Berglund in Stars zone.
10:20 of 2nd period - Guillaume Latendresse is hit by David Backes.
10:46 of 2nd period - Snap shot by Ian White.
10:46 of 2nd period - Shot Blocked by Sami Vatanen.
12:02 of 2nd period - Penalty to Antoine Vermette is over, Antoine Vermette is back on ice.
12:20 of 2nd period - Slapshot by Ted Purcell.
12:20 of 2nd period - Stopped by Jonas Gustavsson without a rebound.
12:21 of 2nd period - Evgeny Grachev wins face-off versus Mikhail Grabovski in Flames zone.
12:38 of 2nd period - Slapshot by Tim Ramholt.
12:38 of 2nd period - Stopped by Cory Schneider without a rebound.
12:39 of 2nd period - Eric Staal wins face-off versus Antoine Vermette in Stars zone.
13:29 of 2nd period - Slapshot by Tim Ramholt.
13:29 of 2nd period - Shot Misses the Net.
13:31 of 2nd period - Snap shot by David Ullstrom.
13:31 of 2nd period - Shot Misses the Net.
13:36 of 2nd period - Minor Penalty to Boris Valabik for Holding.
13:37 of 2nd period - Eric Staal wins face-off versus John Tavares in Stars zone.
13:48 of 2nd period - Off-side.
13:49 of 2nd period - Eric Staal wins face-off versus John Tavares in neutral zone.
13:52 of 2nd period - Slapshot by Erik Johnson.
13:52 of 2nd period - Deflect By Eric Staal.
13:52 of 2nd period - Stopped by Cory Schneider without a rebound.
13:53 of 2nd period - Eric Staal wins face-off versus John Tavares in Stars zone.
14:55 of 2nd period - Derek Meech is hit by Jussi Jokinen and loses puck.
15:36 of 2nd period - Penalty to Boris Valabik is over, Boris Valabik is back on ice.
15:46 of 2nd period - Steve Regier is hit by Cam Atkinson and loses puck.
16:09 of 2nd period - Wrist shot by David Ullstrom.
16:09 of 2nd period - Shot Misses the Net.
16:19 of 2nd period - Tim Ramholt is hit by Jussi Jokinen.
16:39 of 2nd period - Slapshot by Andrej Sustr.
16:39 of 2nd period - Deflect By Cam Atkinson.
16:39 of 2nd period - Stopped by Jonas Gustavsson with a rebound.
16:53 of 2nd period - Wrist shot by Ted Purcell.
16:53 of 2nd period - Stopped by Jonas Gustavsson without a rebound.
16:54 of 2nd period - Antoine Vermette wins face-off versus Mikhail Grabovski in Flames zone.
16:59 of 2nd period - Wrist shot by Jussi Jokinen.
16:59 of 2nd period - Stopped by Jonas Gustavsson without a rebound.
17:00 of 2nd period - Patrik Berglund wins face-off versus John Tavares in Flames zone.
17:02 of 2nd period - Minor Penalty to Erik Johnson for Roughing.
17:03 of 2nd period - Colin Wilson wins face-off versus John Tavares in Flames zone.
17:15 of 2nd period - Slapshot by Ian White.
17:15 of 2nd period - Deflect By John Tavares.
17:15 of 2nd period - Shot Misses the Net.
17:15 of 2nd period - Puck is out of play.
17:16 of 2nd period - Colin Wilson wins face-off versus Michael Grabner in Flames zone.
17:27 of 2nd period - Mikhail Grabovski is hit by Ian White and loses puck.
19:02 of 2nd period - Penalty to Erik Johnson is over, Erik Johnson is back on ice.
19:20 of 2nd period - Wrist shot by Cory Emmerton.
19:20 of 2nd period - Stopped by Jonas Gustavsson with a rebound.
Goals for this period are 0 for Flames vs 0 for Stars.
Shots for this period are 11 for Flames vs 8 for Stars.

3rd period


0:01 of 3rd period - John Tavares wins face-off versus Patrik Berglund in neutral zone.
0:04 of 3rd period - Brad Marchand is hit by Guillaume Latendresse and loses puck.
0:13 of 3rd period - Snap shot by John Tavares.
0:13 of 3rd period - Stopped by Jonas Gustavsson with a rebound.
0:15 of 3rd period - Wrist shot by Michael Grabner.
0:15 of 3rd period - Stopped by Jonas Gustavsson without a rebound.
0:16 of 3rd period - Eric Staal wins face-off versus Antoine Vermette in Flames zone.
0:27 of 3rd period - Snap shot by Alexander Radulov.
0:27 of 3rd period - Deflect By Eric Staal.
0:27 of 3rd period - Shot Misses the Net.
0:27 of 3rd period - Puck is out of play.
0:28 of 3rd period - John Tavares wins face-off versus Patrik Berglund in Stars zone.
2:29 of 3rd period - Snap shot by Jussi Jokinen.
2:29 of 3rd period - Stopped by Jonas Gustavsson without a rebound.
2:30 of 3rd period - Eric Staal wins face-off versus John Tavares in Flames zone.
2:42 of 3rd period - Off-side.
2:43 of 3rd period - John Tavares wins face-off versus Brad Marchand in neutral zone.
2:48 of 3rd period - Slapshot by Guillaume Latendresse.
2:48 of 3rd period - Shot Misses the Net.
3:55 of 3rd period - Slapshot by John Tavares.
3:55 of 3rd period - Stopped by Jonas Gustavsson with a rebound.
4:34 of 3rd period - Wrist shot by Jussi Jokinen.
4:34 of 3rd period - Goal by Jussi Jokinen - Flames : 1 - Stars : 2.
4:35 of 3rd period - Michael Grabner wins face-off versus Eric Staal in neutral zone.
4:43 of 3rd period - Minor Penalty to Alexander Semin for Tripping.
4:44 of 3rd period - Colin Wilson wins face-off versus John Tavares in Flames zone.
5:32 of 3rd period - Guillaume Latendresse is hit by Brad Marchand and loses puck.
6:43 of 3rd period - Penalty to Alexander Semin is over, Alexander Semin is back on ice.
7:01 of 3rd period - Eric Staal is hit by B.J. Crombeen and loses puck.
7:14 of 3rd period - Icing by Brian Lee.
7:15 of 3rd period - Patrik Berglund wins face-off versus Cory Emmerton in Stars zone.
7:16 of 3rd period - Slapshot by David Backes.
7:16 of 3rd period - Shot Blocked by Ian White.
7:18 of 3rd period - Snap shot by Brad Marchand.
7:18 of 3rd period - Stopped by Cory Schneider without a rebound.
7:19 of 3rd period - Patrik Berglund wins face-off versus John Tavares in Stars zone.
7:56 of 3rd period - Alex Chiasson is hit by Eric Staal and loses puck.
9:02 of 3rd period - Patrik Berglund is hit by John Tavares and loses puck.
9:43 of 3rd period - Wrist shot by B.J. Crombeen.
9:43 of 3rd period - Shot Misses the Net.
9:57 of 3rd period - Johnny Oduya is hit by Mikhail Grabovski.
10:07 of 3rd period - Off-side.
10:08 of 3rd period - John Tavares wins face-off versus Eric Staal in neutral zone.
10:11 of 3rd period - Alexander Semin is hit by Michael Grabner and loses puck.
10:38 of 3rd period - Alex Chiasson is hit by Tim Ramholt and loses puck.
11:06 of 3rd period - Colin Wilson is hit by B.J. Crombeen and loses puck.
11:19 of 3rd period - Slapshot by Erik Johnson.
11:19 of 3rd period - Deflect By David Ullstrom.
11:19 of 3rd period - Shot Misses the Net.
11:19 of 3rd period - Puck is out of play.
11:20 of 3rd period - John Tavares wins face-off versus Mikhail Grabovski in Stars zone.
11:25 of 3rd period - Snap shot by Michael Grabner.
11:25 of 3rd period - Stopped by Jonas Gustavsson with a rebound.
11:27 of 3rd period - Wrist shot by Ian White.
11:27 of 3rd period - Stopped by Jonas Gustavsson with a rebound.
11:29 of 3rd period - Wrist shot by Michael Grabner.
11:29 of 3rd period - Shot Blocked by Mikhail Grabovski.
11:31 of 3rd period - Snap shot by Brian Lee.
11:31 of 3rd period - Shot Blocked by Derek Meech.
11:39 of 3rd period - Wrist shot by John Tavares.
11:39 of 3rd period - Stopped by Jonas Gustavsson without a rebound.
11:40 of 3rd period - Antoine Vermette wins face-off versus Eric Staal in Flames zone.
11:40 of 3rd period - Antoine Vermette is hit by Alexander Radulov.
11:44 of 3rd period - Backhand shot by Alex Chiasson.
11:44 of 3rd period - Shot Misses the Net.
11:46 of 3rd period - Minor Penalty to Alexander Radulov for Hooking.
11:47 of 3rd period - Colin Wilson wins face-off versus John Tavares in Flames zone.
12:04 of 3rd period - Wrist shot by David Backes.
12:04 of 3rd period - Goal by David Backes - Flames : 2 - Stars : 2.
12:05 of 3rd period - Colin Wilson wins face-off versus Guillaume Latendresse in neutral zone.
12:15 of 3rd period - Derek Meech is hit by John Tavares and loses puck.
12:20 of 3rd period - Slapshot by John Tavares.
12:20 of 3rd period - Stopped by Jonas Gustavsson with a rebound.
12:22 of 3rd period - Slapshot by Ian White.
12:22 of 3rd period - Deflect By John Tavares.
12:22 of 3rd period - Shot Misses the Net.
12:22 of 3rd period - Puck is out of play.
12:23 of 3rd period - Antoine Vermette wins face-off versus Mikhail Grabovski in Flames zone.
12:50 of 3rd period - Ian White is hit by David Backes and loses puck.
12:57 of 3rd period - Snap shot by Brian Lee.
12:57 of 3rd period - Shot Blocked by Derek Meech.
12:59 of 3rd period - Wrist shot by Michael Grabner.
12:59 of 3rd period - Shot Misses the Net.
13:46 of 3rd period - Penalty to Alexander Radulov is over, Alexander Radulov is back on ice.
14:46 of 3rd period - Slapshot by Cam Atkinson.
14:46 of 3rd period - Stopped by Jonas Gustavsson without a rebound.
14:47 of 3rd period - Eric Staal wins face-off versus John Tavares in Flames zone.
15:23 of 3rd period - Slapshot by David Backes.
15:23 of 3rd period - Shot Blocked by B.J. Crombeen.
16:07 of 3rd period - John Tavares is hit by Peter Prucha and loses puck.
16:44 of 3rd period - Snap shot by Alexander Semin.
16:44 of 3rd period - Shot Misses the Net.
16:46 of 3rd period - Slapshot by Brendan Mikkelson.
16:46 of 3rd period - Stopped by Cory Schneider with a rebound.
16:48 of 3rd period - Wrist shot by Brendan Mikkelson.
16:48 of 3rd period - Shot Misses the Net.
16:50 of 3rd period - Wrist shot by Brendan Mikkelson.
16:50 of 3rd period - Stopped by Cory Schneider without a rebound.
16:51 of 3rd period - Patrik Berglund wins face-off versus John Tavares in Stars zone.
17:22 of 3rd period - Sami Vatanen is hit by B.J. Crombeen and loses puck.
17:35 of 3rd period - Minor Penalty to Ian White for Hooking.
17:36 of 3rd period - Eric Staal wins face-off versus John Tavares in Stars zone.
18:06 of 3rd period - Wrist shot by David Backes.
18:06 of 3rd period - Stopped by Cory Schneider with a rebound.
18:38 of 3rd period - Sami Vatanen is hit by Andrej Sustr and loses puck.
18:51 of 3rd period - Eric Staal is hit by Boris Valabik.
19:35 of 3rd period - Penalty to Ian White is over, Ian White is back on ice.
19:38 of 3rd period - Wrist shot by Michael Grabner.
19:38 of 3rd period - Stopped by Jonas Gustavsson without a rebound.
19:39 of 3rd period - Alexander Frolov wins face-off versus David Ullstrom in Flames zone.
19:44 of 3rd period - Wrist shot by Ted Purcell.
19:44 of 3rd period - Stopped by Jonas Gustavsson without a rebound.
19:45 of 3rd period - David Ullstrom wins face-off versus Alexander Frolov in Flames zone.
19:50 of 3rd period - Sami Vatanen is hit by Michael Grabner and loses puck.
Goals for this period are 1 for Flames vs 1 for Stars.
Shots for this period are 5 for Flames vs 12 for Stars.

Overtime #1


0:01 of 1st overtime period - Eric Staal wins face-off versus John Tavares in neutral zone.
0:06 of 1st overtime period - Wrist shot by Eric Staal.
0:06 of 1st overtime period - Shot Misses the Net.
0:08 of 1st overtime period - Snap shot by Eric Staal.
0:08 of 1st overtime period - Stopped by Cory Schneider without a rebound.
0:09 of 1st overtime period - Alexander Semin wins face-off versus John Tavares in Stars zone.
0:29 of 1st overtime period - Off-side.
0:30 of 1st overtime period - John Tavares wins face-off versus Eric Staal in neutral zone.
0:35 of 1st overtime period - Slapshot by Ian White.
0:35 of 1st overtime period - Stopped by Jonas Gustavsson with a rebound.
1:43 of 1st overtime period - Eric Staal is hit by Guillaume Latendresse and loses puck.
2:12 of 1st overtime period - Sami Vatanen is hit by Alexander Frolov and loses puck.
2:21 of 1st overtime period - Snap shot by Alexander Frolov.
2:21 of 1st overtime period - Shot Blocked by Sami Vatanen.
2:23 of 1st overtime period - Slapshot by Andrej Sustr.
2:23 of 1st overtime period - Stopped by Jonas Gustavsson with a rebound.
2:25 of 1st overtime period - Snap shot by Andrej Sustr.
2:25 of 1st overtime period - Stopped by Jonas Gustavsson with a rebound.
2:44 of 1st overtime period - Mikhail Grabovski is hit by Jussi Jokinen.
3:57 of 1st overtime period - Antoine Vermette is hit by Alexander Semin and loses puck.
4:46 of 1st overtime period - Derek Meech is hit by Jussi Jokinen and loses puck.
Goals for this period are 0 for Flames vs 0 for Stars.
Shots for this period are 1 for Flames vs 3 for Stars.

ShootOut


5:00 of 1st overtime period - Round #1.
5:00 of 1st overtime period - Flames, Eric Staal.
5:00 of 1st overtime period - Deke by Eric Staal.
5:00 of 1st overtime period - Stopped by Cory Schneider.
5:00 of 1st overtime period - Stars, John Tavares.
5:00 of 1st overtime period - Deke by John Tavares.
5:00 of 1st overtime period - Goal by John Tavares.
5:00 of 1st overtime period - Round #2.
5:00 of 1st overtime period - Flames, Alexander Semin.
5:00 of 1st overtime period - Backhand shot by Alexander Semin.
5:00 of 1st overtime period - Stopped by Cory Schneider.
5:00 of 1st overtime period - Stars, Guillaume Latendresse.
5:00 of 1st overtime period - Wrist shot by Guillaume Latendresse.
5:00 of 1st overtime period - Stopped by Jonas Gustavsson.
5:00 of 1st overtime period - Round #3.
5:00 of 1st overtime period - Flames, David Backes.
5:00 of 1st overtime period - Deke by David Backes.
5:00 of 1st overtime period - Stopped by Cory Schneider.